 Dungeon Crawl Stone Soup version 0.30-a0-953-g5f1da4a474 (webtiles) character file.

Game seed: 1669037961809899346

290 protoss039 the Sneak (level 6, -4/35 HPs)
             Began as a Vampire Enchanter on Mar 28, 2023.
             Slain by Blork the orc
             ... wielding a +0 halberd
              (11 damage)
             ... on level 4 of the Dungeon.
             The game lasted 00:06:08 (3068 turns).

protoss039 the Sneak (Vampire Enchanter)            Turns: 3068, Time: 00:06:10

Health: -4/35      AC:  2    Str:  7    XL:     6   Next: 9%
Magic:  1/9        EV: 13    Int: 17    God:
Gold:   47         SH:  0    Dex: 17    Spells: 5/10 levels left

rFire   . . .      SeeInvis +    a - +1 dagger
rCold   + + .      Faith    .    (no shield)
rNeg    + + +      Spirit   .    b - +0 robe
rPois   ∞          Reflect  .    (no helmet)
rElec   .          Rampage  .    r - scarf {shadows}
rCorr   .                        (no gloves)
Will    .....                    (no boots)
Stlth   +++++                    (no amulet)
HPRegen 0.00/turn                (no ring)
MPRegen 0.11/turn                (no ring)

@: bloodless, inhibited regen
A: bloodless, fangs 3, see invisible, vampiric 2
a: Bat Form, Revivify


You were on level 4 of the Dungeon.
You visited 1 branch of the dungeon, and saw 4 of its levels.

You collected 146 gold pieces.
You spent 99 gold pieces at shops.

Inventory:

Hand Weapons
 a - a +1 dagger (weapon)
 d - a +1 whip of venom
Missiles
 o - a throwing net
 u - 5 poisoned darts (quivered)
Armour
 b - a +0 robe (worn)
 r - a scarf of shadows (worn)
 s - the +1 ring mail of Irchin {Rampage rPois Will+ Str-2}
   (You found it on level 2 of the Dungeon)

   Str:       It affects your strength (-2).
   rPois:     It protects you from poison.
   Rampage:   It bestows one free step when moving towards enemies.
   Will:      It increases your willpower.
Wands
 n - a wand of mindburst (7)
Scrolls
 f - a scroll of identify
 j - a scroll of fear
 l - a scroll of enchant weapon
 m - 4 scrolls of teleportation
 q - a scroll of torment
 v - 2 scrolls of vulnerability {unknown}
Potions
 c - 2 potions of invisibility
 e - 2 potions of haste
 g - a potion of ambrosia
 h - 2 potions of lignification
 i - a potion of magic {unknown}
 k - a potion of might {unknown}
 p - a potion of attraction {unknown}
 t - a potion of heal wounds {unknown}
 w - a potion of brilliance


   Skills:
 * Level 2.2 Fighting
 + Level 2.2 Short Blades
 * Level 1.2 Armour
 + Level 3.1 Dodging
 * Level 6.2 Stealth
 + Level 2.6 Spellcasting
 + Level 5.2 Hexes
 + Level 1.3 Ice Magic


You had 5 spell levels left.
You knew the following spells:

 Your Spells              Type           Power      Damage    Failure   Level
a - Ensorcelled Hibernat  Hex/Ice        26%        N/A       7%          2
b - Confusing Touch       Hex            19%        N/A       6%          3

Your spell library contained the following spells:

 Spells                   Type           Power      Damage    Failure   Level
 Tukima's Dance           Hex            19%        N/A       6%          3
 Dazzling Flash           Conj/Hex       22%        N/A       19%         3
 Cigotuvi's Dreadful Rot  Necr/Pois/Air  4%         N/A       28%         2
 Poisonous Vapours        Pois/Air       4%         N/A       28%         2
 Mephitic Cloud           Conj/Pois/Air  2%         N/A       50%         3


Dungeon Overview and Level Annotations

Branches:
Dungeon (4/15) Zot: 20924
 Temple: D:4-7

Altars:
Fedhas

Shops:
D:3 ?

Annotations:
D:4 Blork the orc


Innate Abilities, Weirdness & Mutations

You do not regenerate when monsters are visible.
You are frail without blood (-20% HP).
You can heal yourself when you bite living creatures.
You are immune to poison.
You have razor-sharp teeth.
You have supernaturally acute eyesight. (SInv)
You are afflicted with vampirism and can become a bat while bloodless.


Message History

Casting: Ensorcelled Hibernation (safe; 7% risk of failure)
Confirm with . or Enter, or press ? or * to list all spells.
Aiming: Ensorcelled Hibernation (safe; 7% risk of failure)
Press: ? - help, Shift-Dir - straight line, f/p - Blork the orc
Aim: Blork the orc, wielding a +0 halberd and wearing a +0 robe (fast, chance to affect: 47%)
The hobgoblin looks drowsy...
Blork the orc hits you from afar with a +0 halberd!
* * * LOW HITPOINT WARNING * * *
The helpless hobgoblin fails to defend itself.
You bite the hobgoblin, and draw its blood!
You feel better.
You impale the hobgoblin!!
You kill the hobgoblin!
Blork the orc is no longer moving quickly.
Blork the orc gestures at you while chanting.
The puff of flame hits you!
* * * LOW HITPOINT WARNING * * *
Unknown command.
Casting: Ensorcelled Hibernation (safe; 7% risk of failure)
Confirm with . or Enter, or press ? or * to list all spells.
Aiming: Ensorcelled Hibernation (safe; 7% risk of failure)
Press: ? - help, Shift-Dir - straight line, f/p - Blork the orc
Aim: Blork the orc, wielding a +0 halberd and wearing a +0 robe (chance to affect: 47%) Blork the orc resists with some effort.
Blork the orc gestures wildly while chanting.
Blork the orc seems to speed up.
Casting: Ensorcelled Hibernation (safe; 7% risk of failure)
Confirm with . or Enter, or press ? or * to list all spells.
Aiming: Ensorcelled Hibernation (safe; 7% risk of failure)
Press: ? - help, Shift-Dir - straight line, f/p - Blork the orc
Aim: Blork the orc, wielding a +0 halberd and wearing a +0 robe (fast, chance to affect: 47%) Blork the orc resists with some effort.
Blork the orc misses you.
Unknown command.
Casting: Ensorcelled Hibernation (safe; 7% risk of failure)
Confirm with . or Enter, or press ? or * to list all spells.
Aiming: Ensorcelled Hibernation (safe; 7% risk of failure)
Press: ? - help, Shift-Dir - straight line, f/p - Blork the orc
Aim: Blork the orc, wielding a +0 halberd and wearing a +0 robe (fast, chance to affect: 47%) Blork the orc resists with some effort.
Blork the orc hits you from afar with a +0 halberd!
You die...

......#########..
.####.....†....# #######
####...##..##.####.....##
#...###.).....##.......## #.###
#.......#.........# ##.#
#.......#.........# #..#
#.......o.........# ..##
#####†##?.........# ... ..)#####
#o###@........# .... .#))...#
#.# #.........# .... .#####.#
#.# #.........#..... ## #†# #.#
#.........#...... #.# #.#
#................ #.##
#.###...............
#####..####.##........g#.#....
.........#..#..#.)....##.#.###
######.#......##.####......#####


You could see Blork the orc (fast).

Vanquished Creatures
  An ogre (D:4)
  A scorpion (D:4)
  An orc priest (D:4)
  An orc wizard (D:4)
  3 adders
  A worm (D:2)
  A dart slug (D:1)
  5 orcs (D:4)
  8 endoplasms
  A giant cockroach (D:1)
  2 goblins (D:2)
  10 hobgoblins
  4 jackals (D:2)
  2 quokkas
  6 ball pythons
  3 bats
  4 frilled lizards
  10 kobolds
  2 rats
66 creatures vanquished.

Vanquished Creatures (others)
  9 plants (D:2)
9 creatures vanquished.

Grand Total: 75 creatures vanquished

Notes
Turn   | Place    | Note
-------+----------+-------------------------------------------
     0 | D:1      | protoss039 the Vampire Enchanter began the quest for the
                  | Orb.
     0 | D:1      | Reached XP level 1. HP: 13/13 MP: 3/3
    74 | D:1      | Reached XP level 2. HP: 16/16 MP: 5/5
    82 | D:1      | Learned a level 2 spell: Ensorcelled Hibernation
   381 | D:1      | Reached skill level 1 in Fighting
   603 | D:1      | Reached skill level 5 in Stealth
   741 | D:1      | Gained mutation: You are afflicted with vampirism and can
                  | become a bat while bloodless. [Vampire growth]
   741 | D:1      | Reached XP level 3. HP: 20/20 MP: 6/6
   796 | D:2      | Learned a level 3 spell: Confusing Touch
   923 | D:2      | Found a faded altar of an unknown god.
  1269 | D:2      | Identified the +1 ring mail of Irchin {Rampage rPois Will+
                  | Str-2}
  1378 | D:2      | HP: 1/20 [worm (10)]
  1381 | D:2      | Reached XP level 4. HP: 1/25 MP: 7/7
  2088 | D:3      | Found Pod Tix's Magic Scroll Shoppe.
  2094 | D:3      | Bought a scroll of identify for 22 gold pieces
  2094 | D:3      | Bought a scroll of identify for 22 gold pieces
  2094 | D:3      | Bought a scroll of identify for 22 gold pieces
  2094 | D:3      | Bought a scroll of teleportation for 33 gold pieces
  2550 | D:3      | Found a blossoming altar of Fedhas.
  2646 | D:4      | Noticed Blork the orc
  2707 | D:4      | Noticed an ogre
  2717 | D:4      | Killed an ogre
  2718 | D:4      | Reached skill level 1 in Ice Magic
  2718 | D:4      | Reached XP level 5. HP: 30/30 MP: 3/8
  2803 | D:4      | Reached skill level 1 in Armour
  2803 | D:4      | Reached skill level 6 in Stealth
  2803 | D:4      | Reached skill level 5 in Hexes
  2814 | D:4      | Reached XP level 6. HP: 31/35 MP: 2/9
  3068 | D:4      | Slain by Blork the orc

Illustrated notes

Levels and vault maps discovered:
D:1:      amcnicky_arrival_underground_garden, layout_loops_ring
D:2:      minmay_door_path, layout_loops_ring, chequers_ecumenical_altar_island,
          serial_bayou_pond_c, kennysheep_generic_room_2
D:3:      layout_basic, fedhas_altar_fruit_tree, serial_shops,
          nicolae_diamond_shop
D:4:      layout_rooms, hellmonk_okawaru_the_only_friend_you_need,
          kennysheep_mini, uniq_pargi, uniq_blork_the_orc

Skill      XL: |  1  2  3  4  5 |
---------------+----------------+-----
Fighting       | 1 2 |  2.2
Stealth        | 5 6 |  6.2
Ice Magic      | 1 |  1.3
Short Blades   | 2 |  2.2
Armour         | 1 |  1.2
Hexes          | 5 |  5.2
Dodging        | 3 |  3.1
Spellcasting   | |  2.6

Action                     |  1- 3 |  4- 6 || total
---------------------------+-------+-------++-------
  Melee: Whip              |    87 |     2 ||    89
         Bite              |     8 |     5 ||    13
         Dagger            |     5 |    47 ||    52
         Punch             |     1 |       ||     1
   Cast: Ensorcelled Hiber |     4 |    15 ||    19
Ability: Exsanguinate      |     1 |       ||     1
  Evoke: Wand              |       |     2 ||     2
    Use: Scroll            |       |     7 ||     7
   Stab: Sleeping          |    24 |    17 ||    41
 Armour: Robe              |    15 |     3 ||    18
  Dodge: Dodged            |    66 |    38 ||   104

Table legend: (Time is in decaauts)
 A = Elapsed time spent in this place.
 B = Non-inter-level travel time spent in this place.
 C = Inter-level travel time spent in this place.
 D = Time resting spent in this place.
 E = Time spent auto-exploring this place.
 F = Levels seen in this place.
 G = Mean time per level.
                   A        B        C        D        E       F      G
               +--------+--------+--------+--------+--------+-----+--------+
         Total |   3074 |   2818 |    256 |     81 |   2096 |   4 |  768.5 |
       Dungeon |   3074 |   2818 |    256 |     81 |   2096 |   4 |  768.5 |
               +--------+--------+--------+--------+--------+-----+--------+

Top non-repeatable levels by time:
     D:2: 1172 daAuts
     D:1: 794 daAuts
     D:3: 726 daAuts
     D:4: 380 daAuts
